 Dungeon Crawl Stone Soup version 0.32-a0-520-g344ed53f66 (webtiles) character file.

Game seed: 10571423381757545220

1268 Asceticacid the Basher (level 8, -3/40 HPs)
             Began as a Vine Stalker Fighter on Feb 28, 2024.
             Slain by an ogre
             ... wielding a +0 giant club
              (13 damage)
             ... on level 6 of the Dungeon.
             The game lasted 00:06:19 (4493 turns).

Asceticacid the Basher (Vine Stalker Fighter)       Turns: 4493, Time: 00:06:20

Health: -3/40      AC: 18    Str: 19    XL:     8   Next: 53%
Magic:  0/9        EV:  5    Int:  8    God:
Gold:   141        SH:  5    Dex: 16    Spells: 7/7 levels left

rFire   . . .        a - +0 flail (heavy)
rCold   . . .        c - +0 buckler
rNeg    . . .        g - +0 plate armour
rPois   .            E - +0 helmet
rElec   .            (no cloak)
rCorr   .            i - +0 pair of gloves
SInv    .            x - +0 pair of boots
Will    +....        j - amulet of magic regeneration Stlth
                     h - +4 ring of protection
HPRegen 1.06/turn    (no ring)
MPRegen 0.51/turn

%: guardian spirit
@: no status effects
A: fangs 3, regeneration 1, magic shield, antimagic bite, no potion heal 2
a: no special abilities


You were on level 6 of the Dungeon.
You visited 1 branch of the dungeon, and saw 6 of its levels.
You also visited: Sewer.

You collected 330 gold pieces.
You spent 189 gold pieces at shops.

Inventory:

Hand Weapons
 a - a +0 heavy flail (weapon)
 m - the +3 short sword of Resourcefulness {speed, Str+5}
   (You found it on level 3 of the Dungeon)

   Str+5:     It affects your strength (+5).
Missiles
 o - 27 poisoned darts
Armour
 b - a +0 scale mail
 c - a +0 buckler (worn)
 g - a +0 plate armour (worn)
 i - a +0 pair of gloves (worn)
 x - a +0 pair of boots (worn)
 E - a +0 helmet (worn)
Jewellery
 h - a +4 ring of protection (left hand)
 j - an amulet of magic regeneration (around neck)
Wands
 w - a wand of roots (5)
 y - a wand of mindburst (10)
Scrolls
 e - 2 scrolls of identify
 r - 2 scrolls of noise
 t - a scroll of fog
 B - a scroll of teleportation
 C - a scroll of immolation
 D - a scroll of amnesia {unknown}
Potions
 d - 6 potions of might
 f - 3 potions of attraction
 k - a potion of enlightenment
 l - a potion of heal wounds
 p - a potion of magic {unknown}
 q - a potion of cancellation {unknown}
 s - a potion of invisibility {unknown}
 u - 2 potions of haste {unknown}
 v - 2 potions of ambrosia {unknown}
 z - 2 potions of lignification {unknown}
 A - a potion of berserk rage {unknown}


   Skills:
 - Level 3.0 Fighting
 - Level 4.4 Short Blades
 + Level 8.0 Maces & Flails
 - Level 2.4 Armour
 - Level 2.6 Shields


You had 7 spell levels left.
You didn't know any spells.
Your spell library contained the following spells:

 Spells                   Type           Power      Damage    Failure   Level
 Mercury Vapours          Alch/Air       0%         N/A       100%        2
 Call Canine Familiar     Summ           0%         N/A       100%        3
 Mephitic Cloud           Conj/Alch/Air  0%         N/A       100%        3
 Sigil of Binding         Hex            0%         N/A       100%        3
 Dimensional Bullseye     Hex/Tloc       0%         N/A       100%        4
 Manifold Assault         Tloc           0%         N/A       100%        4
 Freezing Cloud           Conj/Ice/Air   0%         6-21      100%        5
 Dispersal                Tloc           0%         N/A       100%        6
 Disjunction              Tloc           0%         N/A       100%        8


Dungeon Overview and Level Annotations

Branches:
Dungeon (6/15)              Sewer (visited)
 Temple: D:4-7

Altars:
Uskayaw

Shops:
D:4 *


Innate Abilities, Weirdness & Mutations

You have razor-sharp teeth.
Your natural rate of healing is unusually fast.
When hurt, damage is shared between your health and your magic reserves.
Your bite disrupts and absorbs the magic of your enemies.
Potions cannot restore your health.


Message History

The ogre is severely wounded.
You feel sick. The ogre hits you with a +0 giant club!
You bludgeon the ogre!!
You kill the ogre!
You feel sick.
You are no longer poisoned.
The adder bites you.
You are poisoned.
The adder poisons you!
Your Maces & Flails skill increases to level 8!
You barely miss the adder. Your bite misses the adder.
The adder is moderately wounded.
You feel sick.
The adder bites you but does no damage. x2
You miss the adder.
The adder is moderately wounded.
You feel sick. The adder bites you but does no damage. The adder bites you.
You closely miss the adder. You bite the adder. You drain its power.
You feel invigorated.
The adder is heavily wounded.
You feel sick.
You are no longer poisoned.
The adder bites you but does no damage. x2
You bludgeon the adder!!
You kill the adder!
You thump the ogre!
The ogre is moderately wounded.
You block the ogre's attack.
You hit the ogre.
The ogre is moderately wounded.
The ogre hits you with a +0 giant club!!
Ouch! That really hurt!
* * * LOW HITPOINT WARNING * * *
Throw: dart (curare)
Press: ? - help, Q - select action, (/) - cycle Shift-Dir - straight line, f - ogre
Aim: an ogre, wielding a +0 giant club (moderately wounded, 73% to hit)
You throw a curare-tipped dart.
The curare-tipped dart barely misses the ogre.
The ogre hits you but does no damage. The ogre attacks as it pursues you!
The ogre hits you with a +0 giant club!
You die...

...###.#.##.....(#.#
..............##.#.
....##.#.#######.#.
.......#.# #..
....####.## #.)
...## #..# #.# ..##
##.# #)# †## #.# #O#
.# #.# #@#
.########.######.#
.................#
#########.########
#.# #.# #.# #.# #.#


You could see an ogre.

Vanquished Creatures
  A black bear (D:6)
  2 ice beasts
  An ogre (D:6)
  3 phantoms
  4 kobold brigands (Sewer)
  A bombardier beetle (D:3)
  A hound (D:4)
  2 iguanas
  3 sleepcaps
  An orc wizard (D:5)
  8 adders
  3 river rats
  4 ribbon worms
  2 dart slugs
  6 orcs
  12 endoplasms
  2 giant cockroaches (D:3)
  5 hobgoblins
  2 jackals (D:1)
  5 quokkas
  5 ball pythons
  8 bats
  7 frilled lizards
  9 goblins
  6 kobolds
  5 rats
108 creatures vanquished.

Notes
Turn   | Place    | Note
-------+----------+-------------------------------------------
     0 | D:1      | Asceticacid the Vine Stalker Fighter began the quest for
                  | the Orb.
     0 | D:1      | Reached XP level 1. HP: 11/11 MP: 2/2
    55 | D:1      | Reached skill level 2 in Maces & Flails
   279 | D:1      | Reached XP level 2. HP: 16/16 MP: 3/3
   668 | D:2      | Reached skill level 3 in Maces & Flails
   668 | D:2      | Reached XP level 3. HP: 19/19 MP: 4/4
  1228 | D:2      | Reached XP level 4. HP: 23/23 MP: 5/5
  1394 | D:3      | Reached skill level 4 in Maces & Flails
  1555 | D:3      | Reached XP level 5. HP: 27/27 MP: 6/6
  1655 | D:3      | Found a hide-covered altar of Uskayaw.
  1680 | D:3      | Identified the +3 short sword of Resourcefulness {speed,
                  | Str+5}
  1967 | D:3      | Found a glowing drain.
  2008 | Sewer    | Entered a sewer
  2013 | Sewer    | Noticed a kobold brigand
  2037 | Sewer    | Killed a kobold brigand
  2040 | Sewer    | Reached XP level 6. HP: 30/32 MP: 5/7
  2319 | Sewer    | Reached XP level 7. HP: 20/36 MP: 8/8
  2788 | D:4      | Reached skill level 5 in Maces & Flails
  3459 | D:4      | Found Xudod's Assorted Antiques.
  3596 | D:4      | Bought 3 scrolls labelled HUOFIU IREN for 81 gold pieces
  3596 | D:4      | Bought a tapered copper wand for 108 gold pieces
  3860 | D:5      | Entered Level 5 of the Dungeon
  3865 | D:5      | Reached skill level 6 in Maces & Flails
  3868 | D:5      | Identified the +0 leather armour "Ahiud" {rC+ Int+3}
  4014 | D:5      | Gained mutation: You have razor-sharp teeth. [Vine Stalker
                  | growth]
  4014 | D:5      | Reached XP level 8. HP: 40/40 MP: 9/9
  4136 | D:5      | Reached skill level 7 in Maces & Flails
  4486 | D:6      | Reached skill level 8 in Maces & Flails
  4493 | D:6      | Slain by an ogre

Illustrated notes

Levels and vault maps discovered:
D:1:      dpeg_arrival_simpleton_c, layout_basic, minmay_misc_feat_enclosed
D:2:      layout_loops_ring
D:3:      layout_loops_ring, general_overflow_altar, portal_sewer_entry_c,
          minmay_misc_feat_pillars
D:4:      layout_basic, serial_shops, nicolae_shop_waterfront
D:5:      layout_rooms
D:6:      layout_loops_ring, mainiacjoe_overflow_chevrons,
          chequers_temple_overflow_statue_of_worship, uniq_edmund, uniq_menkaure

Skill      XL: |  1  2  3  4  5  6  7  8 |
---------------+-------------------------+-----
Maces & Flails | 2 3 4 6 8 |  8.0
Fighting       | 3 |  3.0
Short Blades   | 2 4 |  4.4
Armour         | |  2.4
Shields        | |  2.6

Action                     |  1- 3 |  4- 6 |  7- 9 || total
---------------------------+-------+-------+-------++-------
  Melee: Flail             |    87 |    37 |   128 ||   252
         Bite              |    19 |    39 |    29 ||    87
         Short sword       |       |   122 |     4 ||   126
  Throw: Dart              |       |       |     1 ||     1
    Use: Scroll            |     4 |     2 |     4 ||    10
 Armour: Scale mail        |    56 |     8 |       ||    64
         Plate armour      |       |    73 |   120 ||   193
  Dodge: Dodged            |    40 |    27 |    20 ||    87
  Block: Buckler           |    22 |    27 |    29 ||    78

Table legend: (Time is in decaauts)
 A = Elapsed time spent in this place.
 B = Non-inter-level travel time spent in this place.
 C = Inter-level travel time spent in this place.
 D = Time resting spent in this place.
 E = Time spent auto-exploring this place.
 F = Levels seen in this place.
 G = Mean time per level.
                   A        B        C        D        E       F      G
               +--------+--------+--------+--------+--------+-----+--------+
         Total |   4618 |   4196 |    422 |     21 |   2999 |   7 |  659.7 |
       Dungeon |   4154 |   3732 |    422 |      0 |   2767 |   6 |  692.3 |
         Sewer |    464 |    464 |      0 |     21 |    232 |   1 |  464.0 |
               +--------+--------+--------+--------+--------+-----+--------+

Top non-repeatable levels by time:
     D:4: 1178 daAuts
     D:3: 893 daAuts
     D:2: 749 daAuts
     D:1: 653 daAuts
     D:5: 500 daAuts
   Sewer: 464 daAuts
     D:6: 178 daAuts
